Get step-by-step instructions on how to execute this build order below. Start the game timer, and the build order will tick by so you can play in parallel with StarCraft on a second screen or mobile device.

Game Time

  0:00

Last Step

  N/A

Next Step

Upcoming Step



Don't want to look back and forth between 2 screens? Try out our Overwolf App, the Spawning Tool Build Advisor to get an in-game overlay with this build!

Complete Build Order

  12  0:01  SCV  
  13  0:13  SCV  
  14  0:17  Supply Depot  
  14  0:25  SCV  
  15  0:39  SCV, Barracks  
  16  0:48  Refinery  
  16  0:51  SCV  
  17  1:03  SCV  
  18  1:15  SCV  
  19  1:30  Orbital Command  
  19  1:31  Reaper  
  20  1:39  Command Center  
  20  1:49  Supply Depot  
  20  1:55  SCV  
  21  2:03  Marine  
  22  2:08  SCV  
  22  2:12  Factory  
  23  2:20  SCV  
  24  2:26  Barracks Reactor  
  24  2:33  SCV  
  25  2:40  Command Center  
  25  2:45  SCV  
  26  2:53  Orbital Command  
  26  2:57  SCV  
  27  3:04  Starport  
  27  3:07  Refinery  
  27  3:09  SCV  
  28  3:19  Hellion  
  32  3:20  Hellion  
  32  3:23  SCV  
  33  3:28  SCV  
  34  3:36  Barracks Tech Lab  
  34  3:37  SCV  
  35  3:44  Hellion x2  
  39  3:51  Orbital Command  
  39  3:53  SCV  
  40  3:58  SCV  
  41  4:05  SCV  
  45  4:15  Barracks Tech Lab  
  44  4:18  Barracks  
  44  4:23  Barracks  
  42  4:34  Marine, Stimpack  
  42  4:37  Starport Reactor  
  44  4:38  SCV x3  
  44  4:40  Factory Tech Lab  
  46  4:46  Engineering Bay  
  46  4:47  Supply Depot, Engineering Bay, Refinery  
  46  4:49  Refinery  
  46  4:50  SCV x2  
  46  4:51  SCV  
  49  4:56  Barracks  
  49  4:57  Marine  
  49  4:59  Barracks  
  50  5:02  SCV x2  
  52  5:15  Terran Infantry Armor Level 1, Terran Infantry Weapons Level 1  
  52  5:16  Marine x2  
  52  5:18  Marine  
  52  5:20  Siege Tank  
  58  5:21  SCV  
  58  5:22  SCV  
  58  5:24  Marine  
  58  5:28  Starport Reactor  
  61  5:32  SCV  
  61  5:33  SCV  
  61  5:34  Marine  
  64  5:38  Supply Depot x2  
  64  5:39  Marine x3  
  67  5:43  Barracks Reactor  
  67  5:45  Marine  
  67  5:46  SCV, Orbital Command  
  67  5:47  Barracks Reactor  
  69  5:59  SCV x2  
  71  6:05  Marine  
  71  6:06  Marine x4  
  71  6:07  Siege Tank, Medivac x2  
  83  6:20  SCV  
  83  6:21  Combat Shield  
  83  6:23  Marine  
  85  6:26  Armory  
  85  6:37  SCV x2, Marine x6  
  85  6:39  Supply Depot x2  
  93  6:46  Barracks x2  
  93  6:47  SCV, Barracks  
  93  7:00  SCV, Marine x7  
  93  7:01  SCV, Marine x2  
  104  7:02  Supply Depot  
  104  7:06  Supply Depot  
  104  7:14  Siege Tank  
  104  7:15  Medivac  
  109  7:24  SCV x3, Marine x2, Medivac  
  116  7:36  SCV, Marine x4  
  121  7:37  Barracks Reactor x2  
  121  7:38  Barracks Reactor  
  121  7:39  Marine x2  
  121  7:40  Terran Infantry Armor Level 2, Terran Infantry Weapons Level 2  
  121  7:42  Terran Vehicle Weapons Level 1  
  123  7:44  SCV x2  
  123  7:49  Supply Depot  
  125  7:53  Supply Depot  
  125  8:05  SCV, Marine x6, Medivac  
  125  8:06  Medivac  
  125  8:09  Marine x3  
  125  8:10  Siege Tank  
  126  8:13  SCV x2  
  126  8:16  Supply Depot  
  126  8:17  Marine  
  126  8:18  Marine  
  130  8:21  Supply Depot  
  130  8:23  Marine x4  
  134  8:32  Marine x5  
  134  8:34  Marine x4  
  139  8:35  Marine  
  139  8:36  Marine  
  139  8:41  Marine, Refinery  
  146  8:43  Siege Tank  
  146  8:44  Supply Depot  
  149  8:56  Supply Depot, Marine x7  
  149  8:58  Supply Depot  
  149  9:00  Supply Depot  
  149  9:02  Marine  
  156  9:03  Supply Depot, Marine x3  
  156  9:08  Supply Depot  
  151  9:22  Orbital Command  
  110  9:50  Marine  
  110  9:51  Marine x10  
  110  9:52  Marine x2, Marauder  
  125  9:53  Siege Tank, Medivac x2  
  132  10:00  Supply Depot x2  
  132  10:02  SCV x3, Supply Depot  
  132  10:06  Terran Infantry Weapons Level 3  
  135  10:13  Terran Vehicle Weapons Level 2, Terran Infantry Armor Level 3  
  135  10:18  Marine  
  136  10:27  Marine x8  
  136  10:28  Siege Tank, Medivac  
  147  10:29  Supply Depot  
  147  10:31  Marine  
  147  10:32  Marine x2  
  147  10:33  Marine x2  
  154  10:44  Marine x2  
  154  10:45  Marine x3  
  154  10:46  Medivac  
  161  10:52  Marine x5  
  161  10:53  Marine x2  
  168  11:02  Marauder  
  170  11:10  Marine x9  
  151  11:17  Marine  
  151  11:18  Marine x4  
  125  11:23  Siege Tank, Marine, Medivac x2  
  132  11:28  Marine x6  
  136  11:37  Marine x8  
  143  11:41  Marine  
  144  11:59  Factory, Marine x5  
  144  12:00  Marine x2  
  144  12:01  Siege Tank, Marine, Medivac  
  154  12:02  Marine  
  154  12:07  Command Center  
  158  12:12  Command Center  
  158  12:28  Marine  
  158  12:29  Marine x6  
  165  12:38  Marine x3, Marauder  
  165  12:39  Siege Tank, Medivac x2  
  169  13:03  Marine x8  
  169  13:04  Marauder  
  169  13:05  Factory Tech Lab  
  179  13:11  Siege Tank  
  151  13:21  Marine x3  
  151  13:22  Medivac x2  
  151  13:25  Marauder  
  137  13:27  Marine  
  137  13:28  Marine x4  
  137  13:29  Marine x2  
  136  13:40  Siege Tank  
  139  13:41  Marine x6  
  145  13:51  Marine x7  
  145  13:52  Marauder  
  145  13:53  Siege Tank, Medivac x2  
  161  13:58  Planetary Fortress  
  160  14:22  Marine x8  
  160  14:23  Marine, Marauder  
  160  14:24  Siege Tank, Medivac x2  
  104  14:31  Marine x5  
  104  14:36  SCV x2  
  87  14:40  Marine x9  
  87  14:41  Siege Tank  
  90  14:47  SCV x2  
  91  14:53  Marine x6  
  91  14:59  Marine x9  
  106  15:00  Siege Tank  
  106  15:01  Medivac  
  106  15:06  Planetary Fortress  
  111  15:07  SCV  
  111  15:13  Marine x4  
  116  15:15  Marauder  
  116  15:18  Siege Tank  
  121  15:29  Marine  
  121  15:30  Marine x7  
  121  15:34  Marine x3, Refinery  
  121  15:35  Siege Tank, Marine x2, Refinery  
  137  15:44  Concussive Shells  
  137  15:46  Marine, Marauder  
  140  15:55  Marine x2  
  140  15:56  Marine x7  
  149  16:00  Siege Tank  
  152  16:08  Marauder  
  154  16:12  Siege Tank  
  154  16:13  Marine x6  
  154  16:18  Marine x8  
  163  16:20  Medivac  
  170  16:47  Marine x8, Marauder  
  144  16:48  Siege Tank x2  
  144  16:53  Marine x3  
  124  16:58  Marine x3  
  110  17:04  Marine  
  110  17:05  Marine x5